 Dungeon Crawl Stone Soup version 0.24-a0-411-g4df2b1290f (webtiles) character file.

Game seed: 12076296003787048021

47 MadStranger the Ruffian (level 3, -1/33 HPs)
             Began as a Ghoul Monk on June 6, 2019.
             Was a Believer of Nemelex Xobeh.
             Slain by an iguana (2 damage)
             ... on level 3 of the Dungeon.
             The game lasted 00:18:26 (1266 turns).

MadStranger the Ruffian (Ghoul Monk)                Turns: 1266, Time: 00:18:27

Health: -1/33      AC:  3    Str: 15    XL:     3   Next: 70%
Magic:  2/2        EV: 12    Int:  5    God:    Nemelex Xobeh [**....]
Gold:   124        SH:  0    Dex: 11    Spells: 2/2 levels left

rFire    . . .     SeeInvis .   j - +0 short sword
rCold    + . .     Gourm    .   (no shield)
rNeg     + + +     Faith    .   l - +0 leather armour
rPois    ∞         Spirit   .   (no helmet)
rElec    .         Reflect  .   (no cloak)
rCorr    .         Harm     .   (no gloves)
MR       .....                  (no boots)
Stlth    ++........             (no amulet)
HPRegen  0.00/turn              (no ring)
MPRegen  0.08/turn              (no ring)

@: about to teleport, rotting
A: rotting body, claws 1, carnivore, cold resistance 1, negative energy
resistance 3, inhibited regeneration, torment resistance, unbreathing
a: Draw Escape, Draw Destruction, Draw Summoning, Renounce Religion


You were on level 3 of the Dungeon.
You worshipped Nemelex Xobeh.
Nemelex Xobeh was pleased with you.
You were not hungry.

You visited 1 branch of the dungeon, and saw 3 of its levels.

You collected 124 gold pieces.

Inventory:

Hand Weapons
 c - a +0 hunting sling
 d - a +0 dagger
 j - a +0 short sword (weapon)
 s - a +0 dagger
Missiles
 k - 6 javelins (quivered)
 m - 38 sling bullets
Armour
 a - a +0 robe
 h - a +0 robe
 l - a +0 leather armour (worn)
 o - a +0 chain mail
 w - a +0 leather armour
Wands
 q - a wand of iceblast (11)
Scrolls
 i - 2 scrolls of identify
 n - a scroll of amnesia {unknown}
 r - a scroll of fog {unknown}
 v - a scroll of teleportation
Potions
 e - a potion of berserk rage {unknown}
 f - a potion of might {unknown}
 g - a potion of brilliance {unknown}
 p - a potion of resistance {unknown}
 t - a potion of curing {unknown}
 u - a potion of flight {unknown}
Comestibles
 b - 4 rations


   Skills:
 + Level 3.7 Fighting
 + Level 0.3 Short Blades
 + Level 0.2 Armour
 + Level 3.1 Dodging
 + Level 2.4 Stealth
 + Level 3.9 Unarmed Combat


You had 2 spell levels left.
You didn't know any spells.
Your spell library was empty.

Dungeon Overview and Level Annotations

Branches:
Dungeon (3/15)

Altars:
Nemelex Xobeh

Annotations:
D:1 1 runed translucent door


Innate Abilities, Weirdness & Mutations

Your body is rotting away.
You thrive on raw meat.
You are immune to poison.
You have sharp fingernails.
You are carnivorous and can eat meat at any time.
Your flesh is cold resistant. (rC+)
You are immune to negative energy. (rN+++)
You do not regenerate when monsters are visible.
You are immune to unholy pain and torment.
You can survive without breathing.


Message History

The iguana is lightly wounded.
The iguana barely misses you.
You closely miss the iguana.
The iguana is lightly wounded.
The iguana bites you!
You hit the iguana but do no damage.
The iguana is lightly wounded.
The iguana barely misses you.
Aiming: Iceblast
Press: ? - help, Shift-Dir - straight line, f - iguana
Aim: an iguana (lightly wounded)
Okay, then.
As you read the scroll of teleportation, it crumbles to dust.
You feel strangely unstable. The iguana bites you!
* * * LOW HITPOINT WARNING * * *
Unknown command.
You eat one of the 5 rations.
That ration really hit the spot!
The iguana bites you.
You die...
Your body disappears without a glow.

# .##
..##### .
##.#.#.#.#
........
##.#.#.#.#
#.<.......
##.#.#.#.#
#.@l......
##.#.#.#.#
........
.#.#.#.#.#
##.........
..# #####
... ...#


You could see an iguana.

Vanquished Creatures
  An adder (D:2)
  A dart slug (D:3)
  2 leopard geckos
  A ball python (D:2)
  4 giant cockroaches
  5 goblins
  5 hobgoblins
  2 kobolds (D:1)
  4 frilled lizards
  8 rats
33 creatures vanquished.

Notes
Turn   | Place    | Note
-------+----------+-------------------------------------------
     0 | D:1      | MadStranger the Ghoul Monk began the quest for the Orb.
     0 | D:1      | Reached XP level 1. HP: 19/19 MP: 0/0
     1 | D:1      | Found a runed translucent door.
   216 | D:1      | Reached XP level 2. HP: 20/26 MP: 1/1
   550 | D:2      | Reached XP level 3. HP: 30/32 MP: 2/2
  1015 | D:2      | Found a sparkling altar of Nemelex Xobeh.
  1054 | D:2      | Became a worshipper of Nemelex Xobeh the Trickster
  1054 | D:2      | Received a gift from Nemelex Xobeh
  1054 | D:2      | Reached * piety under Nemelex Xobeh
  1054 | D:2      | Received a gift from Nemelex Xobeh
  1054 | D:2      | Received a gift from Nemelex Xobeh
  1054 | D:2      | Reached ** piety under Nemelex Xobeh
  1265 | D:3      | HP: 1/33 [iguana (10)]
  1266 | D:3      | Slain by an iguana

Levels and vault maps discovered:
D:1:      dpeg_arrival_caged_fury, layout_basic, minmay_tromino_v7
D:2:      layout_basic, nemelex_xobeh_ov_fountains_minmay, first_ration,
          minmay_cut_off
D:3:      layout_loops_corners, st_stairs_9, solitary_fountain,
          hangedman_decor_lopped

Skill      XL: |  1  2 |
---------------+-------+-----
Dodging        | 3 |  3.1
Fighting       | |  3.7
Short Blades   | |  0.3
Armour         | |  0.2
Stealth        | |  2.4
Unarmed Combat | |  3.9

Action                   || total
-------------------------++-------
Melee: Unarmed           ||    35
       Short sword       ||    73
       Punch             ||     2
       Hunting sling     ||     1
  Use: Scroll            ||     2
 Stab: Sleeping          ||     3
  Eat: Chunk             ||     7
       Ration            ||     1
Armor: Robe              ||     2
       Leather armour    ||    15
Dodge: Dodged            ||    60

Table legend:
 A = Non-vault XP
 B = Vault XP
 C = Vault XP percentage of total XP
 D = Non-vault monster count
 E = Vault monster count
 F = Vault count percentage of total count
                 A         B        C        D         E       F
            +---------+---------+-------+---------+---------+-------
      Total |      51 |      17 |  25.0 |      25 |       8 |  24.2
            +---------+---------+-------+---------+---------+-------
        D:1 |      22 |       6 |  21.4 |      13 |       3 |  18.8
        D:2 |      29 |       5 |  14.7 |      12 |       3 |  20.0
        D:3 |       0 |       6 | 100.0 |       0 |       2 | 100.0
            +---------+---------+-------+---------+---------+-------
